 Dungeon Crawl Stone Soup version 0.31-a0-1068-g5939ac1fb6 (webtiles) character file.

Game seed: 14866141802505752017

14 kae the Vexing (level 2, 0/20 HPs)
             Began as a Demonspawn Enchanter on Nov 24, 2023.
             Slain by a jackal (3 damage)
             ... on level 1 of the Dungeon.
             The game lasted 00:00:23 (386 turns).

kae the Vexing (Demonspawn Enchanter)                Turns: 386, Time: 00:00:23

Health: 0/20       AC:  2    Str:  8    XL:     2   Next: 27%
Magic:  1/5        EV: 12    Int: 16    God:
Gold:   75         SH:  0    Dex: 13    Spells: 3/5 levels left

rFire   . . .        a - +1 dagger
rCold   . . .        (no shield)
rNeg    . . .        b - +0 robe
rPois   .            (helmet restricted)
rElec   .            (no cloak)
rCorr   .            (no gloves)
SInv    .            (no boots)
Will    .....        (no amulet)
Stlth   ++           (no ring)
HPRegen 0.23/turn    (no ring)
MPRegen 0.09/turn

%: no passive effects
@: no status effects
A: antennae 1
a: no special abilities


You were on level 1 of the Dungeon.
You visited 1 branch of the dungeon, and saw 1 of its levels.

You collected 75 gold pieces.


Innate Abilities, Weirdness & Mutations

You have a pair of small antennae on your head.


   Skills:
 + Level 0.4 Fighting
 * Level 1.3 Short Blades
 + Level 1.9 Dodging
 + Level 2.8 Stealth
 + Level 2.1 Spellcasting
 + Level 3.0 Hexes


You had 3 spell levels left.
You knew the following spells:

 Your Spells              Type           Power      Damage    Failure   Level
a - Ensorcelled Hibernat  Hex/Ice        12%        N/A       17%         2

Your spell library contained the following spells:

 Spells                   Type           Power      Damage    Failure   Level
 Confusing Touch          Hex            11%        N/A       17%         3
 Tukima's Dance           Hex            11%        N/A       17%         3
 Lesser Beckoning         Tloc           2%         N/A       30%         2
 Dazzling Flash           Conj/Hex       12%        N/A       32%         3
 Gell's Gravitas          Tloc           1%         N/A       52%         3
 Teleport Other           Tloc           1%         N/A       52%         3

Inventory:

Hand Weapons
 a - a +1 dagger (weapon)
Missiles
 d - 16 stones
 g - 4 poisoned darts
Armour
 b - a +0 robe (worn)
Scrolls
 e - a scroll of amnesia {unknown}
 f - a scroll of torment {unknown}
 h - a scroll of enchant armour {unknown}
 i - 2 scrolls of identify {unknown}
Potions
 c - 2 potions of invisibility
 j - a potion of enlightenment {unknown}

Dungeon Overview and Level Annotations

Branches:
Dungeon (1/15) Zot: 5614

Altars:

..............##.........#
.....########.##.........# .#
###.## #.##.........##.# #.######
#.##.........##.#
###......####.##.........##.#
.............. #.........##.# #
.....†##....## #.........##.#.#
###.#######..# #.........##.#.###
#..........###@................
###....###....hhh.........#.#####
....##.###......########.##.#
####.....#.......### #.##.#
########.#.........### #.##.#
.........#..?.$.##... ..##.#
##################.# ####.#
..#.#.#.≈..##.≈§≈..#>. #.#
#..#.....#.##..§§§.#.# #.#


You could see 3 jackals.


Message History

A bat is nearby!
A bat is nearby!
You hit the bat but do no damage. The bat hits you but does no damage.
The bat closely misses you. 😕 HP[+1]
A bat is nearby!
The bat hits you but does no damage.
You hit the bat but do no damage. The bat hits you but does no damage.
The bat hits you but does no damage. The bat closely misses you.
You hit the bat. The bat closely misses you.
A bat is nearby! 😕 HP[+1]
A bat is nearby!
You hit the bat.
You kill the bat!
No target in view!
Key pressed, stopping explore.
No target in view!
No target in view! 😕 HP[+1]
i - a scroll labelled ZOLUOV VEHY No target in view!
No target in view! 😎 HP[+1]
Your hp is fully restored (20).
i - 2 scrolls labelled ZOLUOV VEHY (gained 1) Key pressed, stopping explore.
No target in view!
No target in view!
j - a dark potion No target in view!
No target in view! 2 jackals come into view.
The jackal barks! x2; You hear a bark!
A jackal comes into view. x2
The jackal moves out of view.
The jackal barks!
The jackal bites you. 😕 HP[-2]
You take 2 damage, and now have 18/20 hp.
There are monsters nearby!
You closely miss the jackal. The jackal barely misses you.
The jackal bites you. The jackal misses you. The jackal bites you.
You barely miss the jackal. The jackal barely misses you.
The jackal misses you.
The jackal bites you but does no damage.
The jackal bites you. The jackal misses you. 😮 HP[-4]
You take 4 damage, and now have 14/20 hp.
There are monsters nearby!
You are too injured to fight recklessly!
You are too injured to fight recklessly!
There are monsters nearby!
Unknown command.
The jackal bites you. 😮 HP[-1]
You take 1 damage, and now have 13/20 hp.
Casting: Ensorcelled Hibernation (safe; 17% risk of failure)
Confirm with . or Enter, or press ? or * to list all spells.
Aiming: Ensorcelled Hibernation (safe; 17% risk of failure)
Press: ? - help, Shift-Dir - straight line, f - jackal
Aim: a jackal (chance to affect: 57%)
The jackal looks drowsy...
The jackal bites you. 😮 HP[-2] MP[-2]
You take 2 damage, and now have 11/20 hp.
You lost 2 mp, and now have 3/5 mp.
The helpless jackal fails to defend itself.
You puncture the jackal!
You kill the jackal!
The jackal bites you but does no damage. 😮 HP[+1]
Casting: Ensorcelled Hibernation (safe; 17% risk of failure)
Confirm with . or Enter, or press ? or * to list all spells.
Aiming: Ensorcelled Hibernation (safe; 17% risk of failure)
Press: ? - help, Shift-Dir - straight line, f - jackal
Aim: a jackal (chance to affect: 57%)
The jackal resists with significant effort.
The jackal bites you but does no damage. 😮 MP[-2]
You lost 2 mp, and now have 1/5 mp.
You closely miss the jackal. The jackal barely misses you.
The jackal bites you.
* * * LOW HITPOINT WARNING * * *
😨 HP[-3]
You take 3 damage, and now have 9/20 hp.
You hit the jackal. The jackal bites you.
* * * LOW HITPOINT WARNING * * *
The jackal bites you but does no damage. 😨 HP[-3]
You take 3 damage, and now have 6/20 hp.
You hit the jackal. The jackal closely misses you. The jackal bites you.
* * * LOW HITPOINT WARNING * * *
The jackal bites you.
* * * LOW HITPOINT WARNING * * *
😱 HP[-3]
You take 3 damage, and now have 3/20 hp.
You hit the jackal.
The jackal bites you but does no damage.
The jackal bites you.
You die...

Skill      XL: |  1 |
---------------+----+-----
Short Blades   | 1 |  1.3
Fighting       | |  0.4
Dodging        | |  1.9
Stealth        | |  2.8
Spellcasting   | |  2.1
Hexes          | |  3.0

Action                     || total
---------------------------++-------
  Melee: Dagger            ||    32
   Cast: Ensorcelled Hiber ||     2
   Stab: Sleeping          ||     5
 Armour: Robe              ||    29
  Dodge: Dodged            ||    17

Levels and vault maps discovered:
D:1:      dpeg_arrival_brainrot, layout_basic

Notes
Turn   | Place    | Note
-------+----------+-------------------------------------------
     0 | D:1      | kae the Demonspawn Enchanter began the quest for the Orb.
     0 | D:1      | Reached XP level 1. HP: 13/13 MP: 3/3
     0 | D:1      | magus.rc [v1.11.3]
   127 | D:1      | Reached skill level 1 in Short Blades
   247 | D:1      | You pick up a book of Displacement and begin reading...
   247 | D:1      | You add the spells Lesser Beckoning, Gell's Gravitas and
                  | Teleport Other to your library.
   276 | D:1      | You feel monstrous as your demonic heritage exerts itself.
   276 | D:1      | Discovered your monstrous ancestry.
   276 | D:1      | Gained mutation: You have a pair of small antennae on your
                  | head. [demonic ancestry]
   276 | D:1      | Reached XP level 2. HP: 18/20 MP: 5/5
   288 | D:1      | Learned a level 2 spell: Ensorcelled Hibernation
   385 | D:1      | HP: 5/20 [jackal (2)]
   386 | D:1      | Slain by a jackal

Vanquished Creatures
  An endoplasm (D:1)
  3 goblins (D:1)
  2 hobgoblins (D:1)
  2 jackals (D:1)
  A bat (D:1)
  3 rats (D:1)
12 creatures vanquished.

Table legend:
 A = Non-vault XP
 B = Vault XP
 C = Vault XP percentage of total XP
 D = Non-vault monster count
 E = Vault monster count
 F = Vault count percentage of total count
                 A         B        C        D         E       F
            +---------+---------+-------+---------+---------+-------
      Total |      18 |       2 |  10.0 |      11 |       1 |   8.3
            +---------+---------+-------+---------+---------+-------
        D:1 |      18 |       2 |  10.0 |      11 |       1 |   8.3
            +---------+---------+-------+---------+---------+-------

Skill      XL: |  1 |
---------------+----+-----
Short Blades   | 1 |  1.3
Fighting       | |  0.4
Dodging        | |  1.9
Stealth        | |  2.8
Spellcasting   | |  2.1
Hexes          | |  3.0

Action                     || total
---------------------------++-------
  Melee: Dagger            ||    32
   Cast: Ensorcelled Hiber ||     2
   Stab: Sleeping          ||     5
 Armour: Robe              ||    29
  Dodge: Dodged            ||    17

Illustrated notes

Table legend:
 A = Kills in this place as a percentage of kills in the entire game.
 B = Kills by you in this place as a percentage of kills by you in the entire game.
 C = Kills by friends in this place as a percentage of kills by friends in the entire game.
 D = Other kills in this place as a percentage of other kills in the entire game.
 E = Experience gained in this place as a percentage of experience gained in the entire game.
 F = Experience gained in this place divided by the number of levels of this place that you have seen.
                   A       B       C       D       E      F
               +-------+-------+-------+-------+-------+----------------------
         Total | 100.0 | 100.0 |   N/A |   N/A | 100.0 |  20.0
       Dungeon | 100.0 | 100.0 |   N/A |   N/A | 100.0 |  20.0
               +-------+-------+-------+-------+-------+----------------------

Table legend: (Time is in decaauts)
 A = Elapsed time spent in this place.
 B = Non-inter-level travel time spent in this place.
 C = Inter-level travel time spent in this place.
 D = Time resting spent in this place.
 E = Time spent auto-exploring this place.
 F = Levels seen in this place.
 G = Mean time per level.
                   A        B        C        D        E       F      G
               +--------+--------+--------+--------+--------+-----+--------+
         Total |    384 |    384 |      0 |      0 |    305 |   1 |  384.0 |
       Dungeon |    384 |    384 |      0 |      0 |    305 |   1 |  384.0 |
               +--------+--------+--------+--------+--------+-----+--------+

Top non-repeatable levels by time:
     D:1: 384 daAuts
